 Dungeon Crawl Stone Soup version 0.29-a0-330-g52719c12eb (webtiles) character file.

Game seed: 18289979284669766331

2 Crownlay the Insei (level 1, 0/11 (13) HPs)
             Began as an Octopode Transmuter on May 1, 2022.
             Slain by a kobold
             ... wielding a +1 dagger of draining
              (1 damage)
             ... on level 1 of the Dungeon.
             The game lasted 00:00:16 (51 turns).

Crownlay the Insei (Octopode Transmuter)              Turns: 51, Time: 00:00:16

HP:   0/11 (13)     AC:  1    Str:  9    XL:     1   Next: 40%
MP:   2/3           EV: 13    Int: 15    God:
Gold: 0             SH:  0    Dex: 12    Spells: 3/4 levels left

rFire   . . .      SeeInvis .     - Unarmed
rCold   . . .      Faith    .   (no shield)
rNeg    . . .      Spirit   .   (helmet restricted)
rPois   .          Reflect  .   (no amulet)
rElec   .          Harm     .   (no ring)
rCorr   .          Rampage  .   (no ring)
Will    .....                   (no ring)
Stlth   ++........              (no ring)
HPRegen 0.03/turn               (no ring)
MPRegen 0.08/turn               (no ring)
                                (no ring)
                                (no ring)

@: very slightly contaminated, heavily drained
A: almost no armour, amphibious, 8 rings, camouflage 1, gelatinous body 1,
(nimble swimmer 1), tentacles
a: no special abilities


You were on level 1 of the Dungeon.
You visited 1 branch of the dungeon, and saw 1 of its levels.

Inventory:

Scrolls
 b - a scroll of enchant weapon {unknown}
Potions
 a - a potion of lignification


   Skills:
 - Level 1.0 Fighting
 - Level 2.0 Dodging
 - Level 3.0 Unarmed Combat
 + Level 2.0 Spellcasting
 - Level 2.0 Transmutations
 * Level 0.8 Poison Magic


You had 3 spell levels left.
You knew the following spells:

 Your Spells              Type           Power      Damage    Failure   Level
a - Beastly Appendage     Tmut           14%        N/A       10%         1

Your spell library contained the following spells:

 Spells                   Type           Power      Damage    Failure   Level
 Wereblood                Tmut           7%         N/A       14%         2
 Spider Form              Tmut/Pois      5%         N/A       36%         3
 Ice Form                 Ice/Tmut       4%         N/A       82%         4


Dungeon Overview and Level Annotations

Branches:
Dungeon (1/15)

Altars:


Innate Abilities, Weirdness & Mutations

You cannot wear most types of armour.
You are amphibious.
You can wear up to eight rings at the same time.
Your skin changes colour to match your surroundings (Stealth+).
Your rubbery body absorbs attacks. (AC +1, EV +1)
((You are camouflaged when in or above water. (Stealth+)))
You have tentacles for arms and can constrict up to eight enemies at once.


Message History

Found a kite shield.
A kobold comes into view. It is wielding a +1 dagger of draining.
Found 10 gold pieces.
The kobold shouts!
An endoplasm comes into view.
The rat closely misses you.
You barely miss the rat. You grab the rat.
You squeeze the rat, but do no damage. You constrict the rat.
You kill the rat!
The rat closely misses you.
You see here a rat corpse.
You tentacle-slap the rat. Your grab misses the rat.
The rat is heavily wounded.
The rat bites you.
You barely miss the kobold. Your grab misses the kobold.
Your squeeze misses the kobold. The rat completely misses you.
The kobold hits you with a +1 dagger of draining.
You feel drained.
You tentacle-slap the kobold. Your grab misses the kobold.
Your tentacle-slap misses the kobold.
The kobold is severely wounded.
The rat bites you.
An endoplasm comes into view.
The kobold misses you. The endoplasm freezes you.
You are frozen.
* * * LOW HITPOINT WARNING * * *
You are too injured to fight recklessly!
You are too injured to fight recklessly!
Casting: Beastly Appendage (safe; 10% risk of failure)
Confirm with . or Enter, or press ? or * to list all spells.
You miscast Beastly Appendage.
You are very lightly contaminated with residual magic.
Nothing appears to happen.
The endoplasm quivers.
The endoplasm barely misses you. The rat barely misses you.
The kobold hits you with a +1 dagger of draining.
* * * LOW HITPOINT WARNING * * *
You feel drained.
You die...

.≈≈...≈≈.≈.+.# #.# #.....#
.≈..≈<≈..≈.+..#####.###.....#
.≈.≈≈...≈≈.##...............#
.≈..≈≈≈≈≈..#......#.###.....#
.≈≈..≈≈≈..≈#...!..#.###.....##
.≈≈≈.....≈≈#.................#
8.≈≈≈≈≈≈≈≈##.......#.........#
.##########........#.........#
. #....K@..#.........#
..$...rJ(##.........#
.........#..........#
##..................#
....##.[.#..........# #J#.
......###.###### # # ###..# #
#...


You could see 2 endoplasms, a kobold and a rat.

Vanquished Creatures
  A bat (D:1)
  A frilled lizard (D:1)
  A rat (D:1)
3 creatures vanquished.

Notes
Turn   | Place    | Note
-------+----------+-------------------------------------------
     0 | D:1      | Crownlay the Octopode Transmuter began the quest for the
                  | Orb.
     0 | D:1      | Reached XP level 1. HP: 13/13 MP: 3/3
    51 | D:1      | Slain by a kobold

Illustrated notes

Levels and vault maps discovered:
D:1:      psy_arrival_whirlpool, layout_rooms

Action                   || total
-------------------------++-------
Melee: Unarmed           ||     7
       Constrict         ||     2
       Kick              ||     1
       Tentacles         ||     1
 Cast: Beastly Appendage ||     1
 Stab: Sleeping          ||     1
Dodge: Dodged            ||     7

Table legend: (Time is in decaauts)
 A = Elapsed time spent in this place.
 B = Non-inter-level travel time spent in this place.
 C = Inter-level travel time spent in this place.
 D = Time resting spent in this place.
 E = Time spent auto-exploring this place.
 F = Levels seen in this place.
 G = Mean time per level.
                   A        B        C        D        E       F      G
               +--------+--------+--------+--------+--------+-----+--------+
         Total |     50 |     50 |      0 |      0 |     28 |   1 |   50.0 |
       Dungeon |     50 |     50 |      0 |      0 |     28 |   1 |   50.0 |
               +--------+--------+--------+--------+--------+-----+--------+

Top non-repeatable levels by time:
     D:1: 50 daAuts
